 Dungeon Crawl Stone Soup version 0.28.0-43-g3370ac3207 (webtiles) character file.

Game seed: 18134567118431870359

570 cbfl8 the Magician (level 7, -4/47 HPs)
             Began as a Djinni Fire Elementalist on Mar 11, 2022.
             Slain by an ice beast (16 damage)
             ... on level 5 of the Dungeon.
             The game lasted 00:16:53 (8757 turns).

cbfl8 the Magician (Djinni Fire Elementalist)       Turns: 8757, Time: 00:16:54

Health: -4/47      AC:  3    Str:  9    XL:     7   Next: 60%
Gold:   124        EV: 13    Int: 21    God:
                   SH:  0    Dex: 14

rFire   + + +      SeeInvis +   k - +0 falchion
rCold   x . .      Faith    .   (no shield)
rNeg    . . .      Spirit   .   l - +1 robe "Poqa Asi" {Drain Int+5 SInv Archmagi}
rPois   ∞          Reflect  .   (no helmet)
rElec   .          Harm     .   (no cloak)
rCorr   .          Rampage  .   (no gloves)
Will    .....      Archmagi +   (boots unavailable)
Stlth   ++........              t - amulet of regeneration
HPRegen 0.95/turn               q - ring of protection from fire
MPRegen 0.00/turn               (no ring)

@: flying
A: sickness immunity, fire resistance 2, cold vulnerability 1, float, innate
caster, HP casting, extra vitality 1
a: no special abilities


You were on level 5 of the Dungeon.
You visited 1 branch of the dungeon, and saw 5 of its levels.

You collected 124 gold pieces.

Inventory:

Hand Weapons
 f - a +0 mace
 k - a +0 falchion (weapon)
 u - a +0 flail
 w - a +0 trident
Armour
 a - a +0 robe
 e - a +0 leather armour
 i - a +0 ring mail
 l - the +1 robe "Poqa Asi" (worn) {Drain Int+5 SInv Archmagi}
   (You found it on level 2 of the Dungeon)

   Int:       It affects your intelligence (+5).
   SInv:      It lets you see invisible.
   Drain:     It drains your maximum health when unequipped.
   Archmagi:  It increases the power of your magical spells.
 v - a +2 pair of boots
Jewellery
 c - a ring of flight
 q - a ring of protection from fire (left hand)
 t - an amulet of regeneration (around neck)
Scrolls
 g - 3 scrolls of vulnerability
 j - a scroll of amnesia {unknown}
 n - a scroll of brand weapon {unknown}
 p - a scroll of noise
 r - a scroll of enchant armour {unknown}
 y - a scroll of silence {unknown}
 z - a scroll of enchant weapon {unknown}
Potions
 b - 2 potions of haste {unknown}
 d - a potion of might
 h - a potion of magic {unknown}
 m - a potion of resistance {unknown}
 s - 2 potions of degeneration {unknown}
 x - a potion of berserk rage {unknown}


   Skills:
 + Level 1.5 Fighting
 * Level 3.5 Long Blades
 + Level 0.1 Maces & Flails
 * Level 2.8 Armour
 + Level 3.4 Dodging
 + Level 2.5 Stealth
 + Level 3.7 Spellcasting


You couldn't memorise any spells.
You knew the following spells:

 Your Spells              Type           Power      Damage    Failure   Level
a - Foxfire               Conj/Fire      100%       2x1d9     2%          1
b - Scorch                Fire           58%        2d8       4%          2
c - Conjure Flame         Conj/Fire      29%        6-21      8%          3
d - Inner Flame           Hex/Fire       29%        N/A       8%          3
e - Flame Wave            Conj/Fire      29%        2d8       26%         4
f - Pain                  Necr           100%       1d9       2%          1
g - Blink                 Tloc           58%        N/A       4%          2
h - Spider Form           Tmut/Pois      29%        N/A       8%          3
Your spell library was empty.

Dungeon Overview and Level Annotations

Branches:
Dungeon (5/15)
 Temple: D:4-7

Altars:

Shops:
D:5 (


Innate Abilities, Weirdness & Mutations

You are immune to sickness and miasma.
You are immune to poison.
Your flesh is very heat resistant. (rF++)
You are vulnerable to cold. (rC-)
You float through the air rather than walking.
You learn spells naturally, not from books.
Your magical power is your life essence.
You have superior vitality. (+4 MHP)


Message History

You reach down and open the door.
There is an open door here.
Found a scroll labelled ORYLUU QEGUEW.
An ice beast comes into view.
Casting: Flame Wave (quite dangerous; 26% risk of failure)
Confirm with . or Enter, or press ? or * to list all spells.
The spell is quite dangerous to miscast (26% risk of failure)!
Continue anyway?
Okay, then.
Casting: Flame Wave (quite dangerous; 26% risk of failure)
Confirm with . or Enter, or press ? or * to list all spells.
You feel a surge of power!
The fire begins to smoulder!
Unknown command.
Casting: Conjure Flame (dangerous; 8% risk of failure)
Confirm with . or Enter, or press ? or * to list all spells.
You feel a surge of power!
The fire ignites!
You are engulfed in blazing flames.
You resist. The ice beast misses you.
You hit the ice beast but do no damage.
You are engulfed in blazing flames.
You resist. The ice beast misses you. x2
You hit the ice beast.
The ice beast is lightly wounded.
You are engulfed in blazing flames.
You resist. The ice beast closely misses you.
You hit the ice beast.
The ice beast is lightly wounded.
You are engulfed in blazing flames.
You resist. The ice beast misses you.
You hit the ice beast but do no damage.
The ice beast is lightly wounded.
You are engulfed in blazing flames.
You resist. The ice beast misses you.
You completely miss the ice beast.
The ice beast is lightly wounded.
You are engulfed in blazing flames.
You resist. The ice beast hits you. The ice beast freezes you!
You feel a terrible chill!
You barely miss the ice beast.
The ice beast is lightly wounded.
You are engulfed in blazing flames.
You resist.
* * * LOW HITPOINT WARNING * * *
The ice beast hits you.
* * * LOW HITPOINT WARNING * * *
The ice beast freezes you!
You feel a terrible chill!
You die...

...........# #..
...........# #..
...........# #..
.....?.....# #..
...........# #..
...........# #..
........####
#####.. #######Y#
#....##
#@##########.##.#
#..........#.##.##
##########.#.#....
#...##### #####


You could see an ice beast.

Vanquished Creatures
  A water moccasin (D:4)
  A necrophage (D:4)
  An ogre (D:4)
  A bullfrog skeleton (D:4)
  A centaur skeleton (D:4)
  4 iguanas
  A killer bee zombie (D:5)
  A howler monkey skeleton (D:5)
  4 adders
  2 worms
  3 orcs (D:4)
  5 ball pythons
  6 bats
  8 endoplasms
  3 giant cockroaches
  3 goblins
  3 hobgoblins
  7 jackals (D:1)
  A kobold (D:1)
  6 quokkas
  5 frilled lizards
  3 rats
70 creatures vanquished.

Vanquished Creatures (others)
  18 foxfires (D:1)
18 creatures vanquished.

Grand Total: 88 creatures vanquished

Notes
Turn   | Place    | Note
-------+----------+-------------------------------------------
     0 | D:1      | cbfl8 the Djinni Fire Elementalist began the quest for the
                  | Orb.
     0 | D:1      | Reached XP level 1. HP: 15/15 MP: 0/0
   470 | D:1      | Reached XP level 2. HP: 11/21 MP: 0/0
  1124 | D:1      | Found a faded altar of an unknown god.
  2165 | D:1      | Reached XP level 3. HP: 12/25 MP: 0/0
  2165 | D:1      | Learned a level 1 spell: Pain
  3913 | D:2      | Identified the +1 robe "Poqa Asi" {Drain Int+5 SInv
                  | Archmagi}
  3940 | D:2      | Reached skill level 1 in Armour
  3974 | D:2      | Reached XP level 4. HP: 27/31 MP: 0/0
  5780 | D:4      | Noticed a necrophage
  5787 | D:4      | Killed a necrophage
  5788 | D:4      | Reached XP level 5. HP: 16/36 MP: 0/0
  5788 | D:4      | Learned a level 2 spell: Blink
  6098 | D:4      | Reached XP level 6. HP: 27/41 MP: 0/0
  6283 | D:4      | Reached skill level 1 in Fighting
  6487 | D:4      | Noticed a water moccasin
  6495 | D:4      | Killed a water moccasin
  6704 | D:4      | Noticed an ogre
  6712 | D:4      | Killed an ogre
  6713 | D:4      | Reached XP level 7. HP: 19/47 MP: 0/0
  6713 | D:4      | Learned a level 3 spell: Spider Form
  7813 | D:5      | Entered Level 5 of the Dungeon
  8322 | D:5      | Noticed a yak
  8377 | D:5      | Found Qoshre's Weapon Shop.
  8757 | D:5      | Slain by an ice beast

Illustrated notes

Levels and vault maps discovered:
D:1:      sevenhm_arrival_forest_fort_small_5, layout_loops_ring,
          hellmonk_ecumenical_altar_heavens_door
D:2:      layout_loops_cross, minmay_strange_pillars
D:3:      layout_basic, minmay_puff
D:4:      layout_basic, kennysheep_generic_room_6
D:5:      layout_basic, serial_shops, nicolae_shop_hallway_plus,
          minmay_crystal_water, lightli_corner_chamber

Skill      XL: |  1  2  3  4  5  6 |
---------------+-------------------+-----
Spellcasting   | 3 |  3.7
Armour         | 1 2 |  2.8
Long Blades    | 2 3 |  3.5
Dodging        | 3 |  3.4
Stealth        | 2 |  2.5
Fighting       | 1 |  1.5
Maces & Flails | |  0.1

Action                   |  1- 3 |  4- 6 |  7- 9 || total
-------------------------+-------+-------+-------++-------
Melee: Unarmed           |    30 |       |       ||    30
       Mace              |    47 |       |       ||    47
       Punch             |     1 |       |     1 ||     2
       Falchion          |    25 |   108 |    28 ||   161
 Cast: Foxfire           |    16 |       |       ||    16
       Scorch            |    13 |    22 |    13 ||    48
       Pain              |     3 |       |       ||     3
       Conjure Flame     |       |       |     2 ||     2
       Flame Wave        |       |       |     1 ||     1
  Use: Scroll            |     2 |       |     4 ||     6
 Stab: Sleeping          |     2 |     3 |       ||     5
Armor: Robe              |    40 |    35 |     1 ||    76
       Leather armour    |    15 |       |       ||    15
       Ring mail         |    12 |       |       ||    12
Dodge: Dodged            |   136 |    94 |    27 ||   257
